 Dungeon Crawl Stone Soup version 0.19.5 (webtiles) character file.

68 McKennaii the Covered (level 4, -2/40 HPs)
             Began as a Minotaur Fighter on May 4, 2017.
             Slain by mezla's ghost (6 damage)
             ... on level 3 of the Dungeon.
             The game lasted 00:01:50 (1166 turns).

McKennaii the Covered (Minotaur Fighter)            Turns: 1166, Time: 00:01:55

Health: -2/40      AC: 11    Str: 20    XL:     4   Next: 1%
Magic:  3/3        EV:  4    Int:  5    God:
Gold:   107        SH:  9    Dex: 11    Spells: 0 memorised, 3 levels left

rFire  . . .     SeeInvis .     a - +0 war axe
rCold  . . .     Gourm    .     p - +0 plate armour
rNeg   . . .     Faith    .     c - +0 shield
rPois  .         Spirit   .     (helmet restricted)
rElec  .         Reflect  .     (no cloak)
rCorr  .         Harm     +     (no gloves)
MR     .....                    (no boots)
Stlth  ..........               b - amulet of harm
                                (no ring)
                                (no ring)

@: no status effects
A: retaliatory headbutt, horns 2
a: no special abilities


You were on level 3 of the Dungeon.
You were not hungry.

You visited 1 branch of the dungeon, and saw 3 of its levels.

You collected 107 gold pieces.

Inventory:

Hand Weapons
 a - a +0 war axe (weapon)
Armour
 c - a +0 shield (worn)
 p - a +0 plate armour (worn)
Jewellery
 b - an amulet of harm (around neck)
Scrolls
 e - a scroll of amnesia {unknown}
 g - 2 scrolls of remove curse {unknown}
 i - 2 scrolls of identify {unknown}
 k - a scroll of noise {unknown}
Potions
 d - a potion of might
 h - 4 potions of curing {unknown}
 l - 2 potions of brilliance {unknown}
 m - a potion of cure mutation {unknown}
 o - a potion of haste {unknown}
Comestibles
 f - 4 bread rations
 j - 5 fruits
 n - a beef jerky


   Skills:
 + Level 4.1 Fighting
 + Level 3.5 Axes
 + Level 4.3 Armour
 + Level 0.7 Dodging
 + Level 4.1 Shields


You had 3 spell levels left.
You didn't know any spells.

Dungeon Overview and Level Annotations

Branches:
Dungeon (3/15)

Altars:
Hepliaklqana
Trog

Annotations:
D:3 Sigmund; mezla's ghost, amateur DsAK


Innate Abilities, Weirdness & Mutations

You reflexively headbutt those who attack you in melee.
You have a pair of horns on your head.


Message History

You hit mezla's ghost but do no damage.
Mezla's ghost is almost destroyed.
Something hits you but does no damage. You block mezla's ghost's attack.
You hit mezla's ghost but do no damage. Your headbutt misses mezla's ghost.
Mezla's ghost is almost destroyed.
Mezla's ghost says, "What a barren place.
A pity you won't get a chance to visit the Abyss!"
You block mezla's ghost's attack. Something hits you but does no damage.
Mezla's ghost hits you but does no damage.
Your plate armour prevents you from hitting mezla's ghost.
Mezla's ghost is almost destroyed.
Something hits you.
* * * LOW HITPOINT WARNING * * *
You block mezla's ghost's attack.
You closely miss mezla's ghost.
Mezla's ghost is almost destroyed.
Mezla's ghost says, "What a barren place.
A pity you won't get a chance to visit the Abyss!"
Mezla's ghost barely misses you. Something hits you!
* * * LOW HITPOINT WARNING * * *
Mezla's ghost hits you.
You die...

#............##.#....###
##..........###.#...##
######.##..###.)...#
#.###.........#
#.##l...##....#
#.##....##.......
#.##....#.....###
###.##.........##
#..@W.....##.#...
#...†.....##.###.
#............
#.....###..... #.....#
#..... ####### #.....
....


You could see mezla's ghost.

Vanquished Creatures
  2 adders (D:2)
  A worm (D:2)
  A dart slug (D:2)
  3 leopard geckos
  An orc (D:3)
  3 bats
  2 giant cockroaches
  6 hobgoblins
  4 jackals (D:2)
  2 quokkas
  4 goblins
  2 kobolds (D:2)
  8 rats
39 creatures vanquished.

Notes
Turn   | Place    | Note
-------+----------+-------------------------------------------
     0 | D:1      | McKennaii the Minotaur Fighter began the quest for the Orb.
     0 | D:1      | Reached XP level 1. HP: 19/19 MP: 0/0
     2 | D:1      | Noticed a human
     2 | D:1      | Noticed a naga
     4 | D:1      | Noticed a troll
     4 | D:1      | Noticed a halfling
     6 | D:1      | Noticed a draconian
     6 | D:1      | Noticed an ogre
     8 | D:1      | Noticed a merfolk
     8 | D:1      | Noticed a vine stalker
    10 | D:1      | Noticed a centaur
    10 | D:1      | Noticed a minotaur
    12 | D:1      | Noticed a spriggan
    12 | D:1      | Noticed a vampire
    14 | D:1      | Noticed a gargoyle
    14 | D:1      | Noticed a tengu
    16 | D:1      | Noticed a formicid
    16 | D:1      | Noticed a dwarf
    18 | D:1      | Noticed a demigod
    18 | D:1      | Noticed a felid
    20 | D:1      | Noticed an elf
    20 | D:1      | Noticed an octopode
    22 | D:1      | Noticed a demonspawn
    22 | D:1      | Noticed a ghoul
   193 | D:1      | Reached XP level 2. HP: 27/27 MP: 1/1
   615 | D:2      | Reached XP level 3. HP: 31/33 MP: 2/2
   729 | D:2      | Found a hazy altar of Hepliaklqana.
   868 | D:2      | Noticed a moth of wrath
   870 | D:2      | Found a bloodstained altar of Trog.
  1140 | D:3      | Noticed mezla's ghost (amateur DsAK)
  1141 | D:3      | Noticed Sigmund
  1159 | D:3      | Reached XP level 4. HP: 26/40 MP: 3/3
  1166 | D:3      | Slain by mezla's ghost

Skill      XL: |  1  2  3 |
---------------+----------+-----
Armour         | 4 |  4.3
Fighting       | 4 |  4.1
Axes           | 3 |  3.5
Shields        | 4 |  4.1
Dodging        | |  0.7

Action                   |  1- 3 |  4- 6 || total
-------------------------+-------+-------++-------
Melee: War axe           |    87 |     7 ||    94
       Headbutt          |    14 |     2 ||    16
  Eat: Chunk             |     1 |       ||     1
Armor: Scale mail        |    39 |       ||    39
       Plate armour      |    16 |     7 ||    23
Dodge: Dodged            |    20 |     1 ||    21
Block: Shield            |    51 |     5 ||    56
